MLB
TORONTO BLUE JAYS @ HOUSTON ASTROS
03/17/2044
 
TOP OF THE 1ST
Toronto Blue Jays batting - Pitching for Houston Astros : RHP Chris Perretta
Pitching: RHP Chris Perretta
Batting: LHB Michael Byrd 0-0: Foul Ball, location: 2F
0-1: Foul Ball, location: 2F
0-2: Foul Ball, location: 2F
0-2: SINGLE (Line Drive, 6MD, EV 101.3 MPH)
Batting: LHB Jon Schick 0-0: Ball
1-0: Swinging Strike
1-1: Ball
2-1: Ball
Michael Byrd is caught stealing 2nd base 2-6
3-1: SINGLE (Groundball, 6D, EV 96.9 MPH)
Batting: RHB Ruben Velasco 0-0: Called Strike
0-1: SINGLE (Groundball, 3D, EV 98.1 MPH)
Jon Schick to second
Runner from 2nd tries for 3rd, SAFE, throw by RF made to third
Ruben Velasco to second
Batting: RHB Kirk Arp 0-0: Called Strike
0-1: Ball
1-1: SINGLE (Groundball, 34D, EV 95.6 MPH)
Jon Schick scores
Ruben Velasco to third
Runner from 3rd tries for Home, SAFE, throw by RF to home
Batting: LHB Josh Stuck 0-0: Ball
Kirk Arp is caught stealing 2nd base 2-6
1-0: Ball
2-0: DOUBLE (Line Drive, 8LXD, EV 101.9 MPH)
Batting: RHB Ryan Kinkead 0-0: Ball
1-0: Ball
2-0: Ground out 4-3 (Groundball, 4D, EV 99.4 MPH)
Top of the 1st over - 2 runs, 5 hits, 0 errors, 1 left on base; Toronto 2 - Houston 0
BOTTOM OF THE 1ST
Houston Astros batting - Pitching for Toronto Blue Jays : RHP Tony Rios
Pitching: RHP Tony Rios
Batting: RHB Matt Thompson 0-0: Ball
1-0: Foul Ball, location: 2F
1-1: Ball
2-1: Ground out 4-3 (Groundball, 4S, EV 79.4 MPH)
Batting: RHB Chang-wei Jiang 0-0: Called Strike
0-1: Ball
1-1: Ball
2-1: Ground out 5-3 (Groundball, 56, EV 108.8 MPH)
Batting: SHB Addick de Vries 0-0: Called Strike
0-1: Fly out, F8 (Line Drive, 8RD, EV 98.1 MPH)
Bottom of the 1st over - 0 runs, 0 hits, 0 errors, 0 left on base; Toronto 2 - Houston 0
TOP OF THE 2ND
Toronto Blue Jays batting - Pitching for Houston Astros : RHP Chris Perretta
Batting: RHB Tommy Mize 0-0: Ball
1-0: Fly out, F7 (Flyball, 78S, EV 90.0 MPH)
Batting: LHB Jack Bell 0-0: Called Strike
0-1: Ball
1-1: Called Strike
1-2: Ball
2-2: Ball
3-2: Strikes out swinging
Batting: RHB Mike Strey 0-0: Called Strike
0-1: Foul Ball, location: 2F
0-2: Strikes out swinging
Top of the 2nd over - 0 runs, 0 hits, 0 errors, 0 left on base; Toronto 2 - Houston 0
BOTTOM OF THE 2ND
Houston Astros batting - Pitching for Toronto Blue Jays : RHP Tony Rios
Batting: RHB Danny Dyer 0-0: Ball
1-0: Ball
2-0: Called Strike
2-1: Ball
3-1: Called Strike
3-2: Strikes out swinging
Batting: SHB Joe Gardner 0-0: Foul Ball, location: 2F
0-1: Fly out, F4 (Popup, 4MD, EV 49.4 MPH)
Batting: RHB Trevor Mock 0-0: Ball
1-0: Fly out, F6 (Popup, 6M, EV 58.8 MPH)
Bottom of the 2nd over - 0 runs, 0 hits, 0 errors, 0 left on base; Toronto 2 - Houston 0
TOP OF THE 3RD
Toronto Blue Jays batting - Pitching for Houston Astros : RHP Chris Perretta
Batting: LHB Michael Byrd 0-0: DOUBLE (Flyball, 8LXD, EV 105.6 MPH)
Batting: LHB Jon Schick 0-0: Foul Ball, location: 2F
0-1: DOUBLE (Groundball, 3L, EV 105.6 MPH)
Michael Byrd scores
Batting: RHB Ruben Velasco 0-0: Foul Ball, location: 2F
0-1: Ground out 6-3 (Groundball, 56, EV 85.6 MPH)
Batting: RHB Kirk Arp 0-0: Ball
1-0: Called Strike
1-1: Ball
2-1: Ball
3-1: Foul Ball, location: 2F
3-2: Strikes out looking
Batting: LHB Josh Stuck 0-0: Ball
Jon Schick steals 3rd, throwing error, E2
Jon Schick scores
1-0: Called Strike
1-1: Foul Ball, location: 2F
1-2: Foul Ball, location: 2F
1-2: Ground out 6-3 (Groundball, 6M, EV 89.4 MPH)
Top of the 3rd over - 2 runs, 2 hits, 1 error, 0 left on base; Toronto 4 - Houston 0
BOTTOM OF THE 3RD
Houston Astros batting - Pitching for Toronto Blue Jays : RHP Tony Rios
Batting: LHB Ian Jarvis 0-0: Ball
1-0: Foul Ball, location: 2F
1-1: Ball
2-1: Foul Ball, location: 2F
2-2: Ball
3-2: Ground out 4-3 (Groundball, 4, EV 78.8 MPH)
Batting: LHB Tyler Babbitt 0-0: Ball
1-0: Ball
2-0: Called Strike
2-1: Ball
3-1: Foul Ball, location: 2F
3-2: Foul Ball, location: 2F
3-2: SINGLE (Groundball, 6S, EV 67.5 MPH) (infield hit)
Batting: RHB Chris Fitzgerald 0-0: Called Strike
0-1: Foul Ball, location: 2F
0-2: SINGLE (Groundball, 5D, EV 95.0 MPH)
Tyler Babbitt to second
Batting: RHB Matt Thompson 0-0: Foul Ball, location: 2F
0-1: Fly out, F4 (Popup, 13S, EV 93.8 MPH)
Batting: RHB Chang-wei Jiang 0-0: Ball
1-0: Ball
2-0: DOUBLE (Line Drive, 78M, EV 105.0 MPH)
Tyler Babbitt scores
Chris Fitzgerald to third
Runner from 3rd tries for Home, throw by LF and OUT! 7-6-2
Bottom of the 3rd over - 1 run, 3 hits, 0 errors, 1 left on base; Toronto 4 - Houston 1
TOP OF THE 4TH
Toronto Blue Jays batting - Pitching for Houston Astros : RHP Chris Perretta
Batting: RHB Ryan Kinkead 0-0: Ball
1-0: Ball
2-0: Ground out 4-3 (Groundball, 4, EV 80.6 MPH)
Batting: RHB Tommy Mize 0-0: Called Strike
0-1: SINGLE (Line Drive, 89S, EV 90.6 MPH)
Batting: LHB Jack Bell 0-0: Called Strike
0-1: Grounds into double play, 6-4-3 (Groundball, 6, EV 108.8 MPH)
Top of the 4th over - 0 runs, 1 hit, 0 errors, 0 left on base; Toronto 4 - Houston 1
BOTTOM OF THE 4TH
Houston Astros batting - Pitching for Toronto Blue Jays : RHP Tony Rios
Batting: SHB Addick de Vries 0-0: Foul Ball, location: 2F
0-1: Ball
1-1: Foul Ball, location: 2F
1-2: Ball
2-2: Fly out, F7 (Flyball, 7S, EV 82.5 MPH)
Batting: RHB Danny Dyer 0-0: Called Strike
0-1: Ball
1-1: Ball
2-1: Called Strike
2-2: Strikes out swinging
Batting: SHB Joe Gardner 0-0: Foul Ball, location: 2F
0-1: Swinging Strike
0-2: Ball
1-2: SOLO HOME RUN (Flyball, 7LD, EV 96.9 MPH), Distance : 372 ft
Pitching: RHP Douglas ten Pas
Batting: RHB Trevor Mock 0-0: Called Strike
0-1: Ball
1-1: Ball
2-1: Called Strike
2-2: Ball
3-2: Foul Ball, location: 2F
3-2: Strikes out swinging
Bottom of the 4th over - 1 run, 1 hit, 0 errors, 0 left on base; Toronto 4 - Houston 2
TOP OF THE 5TH
Toronto Blue Jays batting - Pitching for Houston Astros : RHP Chris Perretta
Pitching: RHP Eli Hernandez
Batting: RHB Mike Strey 0-0: Ball
1-0: Ball
2-0: Ball
3-0: Called Strike
3-1: Foul Ball, location: 2F
3-2: Base on Balls
Batting: LHB Michael Byrd 0-0: Ball
1-0: Ball
2-0: Called Strike
2-1: Foul Ball, location: 2F
2-2: Foul Ball, location: 2F
2-2: Fly out, F8 (Line Drive, 8RD, EV 88.1 MPH)
Batting: LHB Jon Schick 0-0: Ball
1-0: Called Strike
1-1: Ball
2-1: Foul Ball, location: 2F
2-2: Fly out, F8 (Flyball, 8LM, EV 68.1 MPH)
Batting: RHB Ruben Velasco 0-0: Called Strike
0-1: Ball
1-1: Foul Ball, location: 2F
1-2: Ball
2-2: Ball
3-2: Fly out, F8 (Flyball, 8LXD, EV 99.4 MPH)
Top of the 5th over - 0 runs, 0 hits, 0 errors, 1 left on base; Toronto 4 - Houston 2
BOTTOM OF THE 5TH
Houston Astros batting - Pitching for Toronto Blue Jays : RHP Douglas ten Pas
Batting: LHB Ian Jarvis 0-0: SINGLE (Line Drive, 6D, EV 94.4 MPH)
Batting: LHB Tyler Babbitt 0-0: Called Strike
0-1: Ball
Wild Pitch!
Ian Jarvis to second
1-1: Called Strike
1-2: Ball
2-2: Strikes out looking
Pinch Hitting: LHB Bryce Hill 0-0: Called Strike
0-1: Ball
1-1: 2-RUN HOME RUN (Line Drive, 9LD, EV 95.0 MPH), Distance : 367 ft
Batting: RHB Matt Thompson 0-0: Ball
1-0: Foul Ball, location: 2F
1-1: Ball
2-1: Ground out 4-3 (Groundball, 34, EV 100.6 MPH)
Batting: RHB Chang-wei Jiang 0-0: Ball
1-0: Foul Ball, location: 2F
1-1: Ball
2-1: Swinging Strike
2-2: Strikes out swinging
Bottom of the 5th over - 2 runs, 2 hits, 0 errors, 0 left on base; Toronto 4 - Houston 4
TOP OF THE 6TH
Toronto Blue Jays batting - Pitching for Houston Astros : RHP Eli Hernandez
Now at SS: Josh Froyd
Batting: RHB Kirk Arp 0-0: Ground out 6-3 (Groundball, 6, EV 80.0 MPH)
Batting: LHB Josh Stuck 0-0: Ball
1-0: Ball
2-0: Called Strike
2-1: Foul Ball, location: 2F
2-2: Ground out 4-3 (Groundball, 4, EV 82.5 MPH)
Batting: RHB Ryan Kinkead 0-0: Ball
1-0: Foul Ball, location: 2F
1-1: Foul Ball, location: 2F
1-2: Foul Ball, location: 2F
1-2: Ball
2-2: Foul Ball, location: 2F
2-2: Fly out, F9 (Flyball, 89S, EV 79.4 MPH)
Top of the 6th over - 0 runs, 0 hits, 0 errors, 0 left on base; Toronto 4 - Houston 4
BOTTOM OF THE 6TH
Houston Astros batting - Pitching for Toronto Blue Jays : RHP Douglas ten Pas
Pitching: RHP Gabe Nalley
Batting: SHB Addick de Vries 0-0: Called Strike
0-1: Called Strike
0-2: Ball
1-2: Ball
2-2: Ball
3-2: Base on Balls
Batting: RHB Danny Dyer 0-0: Called Strike
0-1: Ball
1-1: Called Strike
1-2: Foul Ball, location: 2F
1-2: Ball
2-2: Strikes out swinging
Batting: SHB Joe Gardner 0-0: Called Strike
Addick de Vries steals 2nd base
0-1: Ball
1-1: Ball
2-1: Ball
3-1: Base on Balls
Batting: RHB Trevor Mock 0-0: Ball
1-0: Ball
2-0: Called Strike
2-1: Ball
3-1: SINGLE (Groundball, 56D, EV 103.8 MPH) (infield hit)
Addick de Vries to third
Joe Gardner to second
Batting: LHB Ian Jarvis 0-0: Ball
1-0: DOUBLE (Line Drive, 89D, EV 101.9 MPH)
Addick de Vries scores
Joe Gardner scores
Trevor Mock to third
Runner from 3rd tries for Home, SAFE, no throw by RF
Pitching: RHP Mark Lopez
Batting: LHB Tyler Babbitt 0-0: Ball
1-0: Fly out, F6 (Popup, 6M, EV 53.1 MPH)
Batting: RHB Josh Froyd 0-0: Fly out, F8 (Flyball, 8RD, EV 73.1 MPH)
Bottom of the 6th over - 3 runs, 2 hits, 0 errors, 1 left on base; Toronto 4 - Houston 7
TOP OF THE 7TH
Toronto Blue Jays batting - Pitching for Houston Astros : RHP Eli Hernandez
Pitching: RHP Gerardo Huerta
Batting: RHB Tommy Mize 0-0: Ball
1-0: SINGLE (Line Drive, 3D, EV 108.8 MPH)
Batting: LHB Jack Bell 0-0: SINGLE (Flyball, 8LS, EV 97.5 MPH)
Tommy Mize to second
Pinch Hitting: LHB Sam Dowdy 0-0: Sac Bunt to 2R - play at first, batter OUT! 2-3
Tommy Mize to third
Jack Bell to second
Pinch Hitting: RHB Danny Heyer 0-0: Called Strike
0-1: Ball
1-1: Called Strike
1-2: Ball
2-2: Foul Ball, location: 2F
2-2: Strikes out swinging
Batting: LHB Jon Schick 0-0: Ground out 4-3 (Groundball, 4, EV 85.6 MPH)
Top of the 7th over - 0 runs, 2 hits, 0 errors, 2 left on base; Toronto 4 - Houston 7
BOTTOM OF THE 7TH
Houston Astros batting - Pitching for Toronto Blue Jays : RHP Mark Lopez
Now at C: Dylan Novakowski
Now at SS: Danny Heyer
Pinch Hitting: RHB Mark Barger 0-0: Ball
1-0: Called Strike
1-1: Foul Ball, location: 2F
1-2: SINGLE (Flyball, 3D, EV 93.1 MPH)
Batting: RHB Chang-wei Jiang 0-0: Ball
1-0: SINGLE (Line Drive, 7S, EV 88.1 MPH)
Mark Barger to second
Batting: LHB Bob Myers 0-0: Ball
1-0: Swinging Strike
1-1: Ball
2-1: Called Strike
2-2: DOUBLE (Line Drive, 5D, EV 99.4 MPH)
Mark Barger scores
Chang-wei Jiang to third
Runner from 3rd tries for Home, SAFE, throw by LF to home
Pinch Hitting: RHB Antonio Aranda 0-0: Called Strike
0-1: Ball
1-1: Swinging Strike
1-2: Foul Ball, location: 2F
1-2: Ball
2-2: Ball
3-2: Foul Ball, location: 2F
3-2: Strikes out swinging
Batting: SHB Joe Gardner 0-0: Swinging Strike
0-1: Called Strike
0-2: Ball
1-2: Strikes out swinging
Pitching: LHP Steve Taylor
Batting: RHB Trevor Mock 0-0: Ball
1-0: Foul Ball, location: 2F
1-1: Fly out, F7 (Flyball, 7LD, EV 105.6 MPH)
Bottom of the 7th over - 2 runs, 3 hits, 0 errors, 1 left on base; Toronto 4 - Houston 9
TOP OF THE 8TH
Toronto Blue Jays batting - Pitching for Houston Astros : RHP Gerardo Huerta
Now at 1B: Antonio Aranda
Now at 2B: Mark Barger
Batting: LHB Jody Hudson 0-0: Ball
1-0: Ball
2-0: Foul Ball, location: 2F
2-1: Ball
3-1: Base on Balls
Pinch Hitting: RHB Greg Herzig 0-0: Ball
1-0: Called Strike
1-1: Ball
2-1: Fly out, F9 (Flyball, 89S, EV 86.9 MPH)
Batting: LHB Josh Stuck 0-0: Called Strike
0-1: Foul Ball, location: 2F
0-2: Ball
1-2: Strikes out looking
Pinch Hitting: RHB Jerry Jauregui 0-0: Ball
1-0: Ball
2-0: Ball
3-0: Called Strike
3-1: Ground out U3 (Groundball, 3S, EV 68.1 MPH)
Top of the 8th over - 0 runs, 0 hits, 0 errors, 1 left on base; Toronto 4 - Houston 9
BOTTOM OF THE 8TH
Houston Astros batting - Pitching for Toronto Blue Jays : LHP Steve Taylor
Now at 1B: Jerry Jauregui
Now at 2B: Greg Herzig
Batting: LHB Ian Jarvis 0-0: Called Strike
0-1: Swinging Strike
0-2: Ball
1-2: Foul Ball, location: 2F
1-2: Strikes out swinging
Batting: LHB Tyler Babbitt 0-0: Called Strike
0-1: Ball
1-1: SINGLE (Flyball, 4D, EV 89.4 MPH)
Batting: RHB Josh Froyd 0-0: Ball
1-0: SINGLE (Line Drive, 7S, EV 97.5 MPH)
Tyler Babbitt to second
Batting: RHB Mark Barger 0-0: Foul Ball, location: 2F
0-1: Ball
1-1: Ball
2-1: Swinging Strike
2-2: Strikes out swinging
Batting: RHB Chang-wei Jiang 0-0: Ball
1-0: Ball
2-0: Ball
3-0: Base on Balls
Tyler Babbitt to third
Josh Froyd to second
Batting: LHB Bob Myers 0-0: Called Strike
0-1: Called Strike
0-2: Ball
1-2: Ball
2-2: Strikes out swinging
Bottom of the 8th over - 0 runs, 2 hits, 0 errors, 3 left on base; Toronto 4 - Houston 9
TOP OF THE 9TH
Toronto Blue Jays batting - Pitching for Houston Astros : RHP Gerardo Huerta
Pinch Hitting: RHB Jason Keller 0-0: Foul Ball, location: 2F
0-1: Ball
1-1: Foul Ball, location: 2F
1-2: Foul Ball, location: 2F
1-2: Strikes out looking
Pinch Hitting: RHB Danny Burnside 0-0: Called Strike
0-1: Fly out, F4 (Line Drive, 4, EV 70.0 MPH)
Batting: SHB Dylan Novakowski 0-0: Ball
1-0: SINGLE (Groundball, 6S, EV 66.3 MPH) (infield hit)
Pitching: RHP Seth Bowersox
Pinch Hitting: SHB Zory Larikov 0-0: Called Strike
0-1: Foul Ball, location: 2F
0-2: Ball
1-2: Strikes out looking
Top of the 9th over - 0 runs, 1 hit, 0 errors, 1 left on base; Toronto 4 - Houston 9
Thursday, March 31st , 2022 - OOTP Baseball 22.12 Build 89